| TOP OF THE 1ST |
|
Texas (APP) Rangers batting - Pitching for Detroit (APP) Tigers : RHP Scott King
|
|
Pitching: RHP Scott King
|
|
|
Batting: SHB Tim Rogers
|
0-0: Ball 1-0: Ball 2-0: Swinging Strike 2-1: Swinging Strike 2-2: Ball 3-2: Strikes out swinging
|
|
Batting: RHB Ron Squires
|
0-0: Swinging Strike 0-1: Ball 1-1: Foul Ball, location: 2F 1-2: Strikes out swinging
|
|
Batting: LHB Santino Pisanello
|
0-0: Ball 1-0: Ground out 4-3 (Groundball, 4, EV 102.5 MPH)
|
| Top of the 1st over - 0 runs, 0 hits, 0 errors, 0 left on base; Texas (APP) 0 - Detroit (APP) 0 |
| BOTTOM OF THE 1ST |
|
Detroit (APP) Tigers batting - Pitching for Texas (APP) Rangers : RHP Rick Madden
|
|
Pitching: RHP Rick Madden
|
|
|
Batting: LHB Timotheus Young
|
0-0: Swinging Strike 0-1: Ball 1-1: Called Strike 1-2: Strikes out swinging
|
|
Batting: RHB Kevin Steed
|
0-0: Ball 1-0: Ball 2-0: Ball 3-0: Called Strike 3-1: SINGLE (Groundball, 34S, EV 66.9 MPH) (infield hit)
|
|
Batting: RHB Ernst Meloche
|
0-0: Called Strike 0-1: Ball 1-1: Fielders Choice at 2nd, 5-4 (Groundball, 56, EV 83.8 MPH)
|
|
Batting: RHB Brandon Everett
|
0-0: Fielders Choice at 2nd, 6-4 (Groundball, 6, EV 103.8 MPH)
|
| Bottom of the 1st over - 0 runs, 1 hit, 0 errors, 1 left on base; Texas (APP) 0 - Detroit (APP) 0 |
| TOP OF THE 2ND |
|
Texas (APP) Rangers batting - Pitching for Detroit (APP) Tigers : RHP Scott King
|
|
Batting: RHB Nick Solberg
|
0-0: Foul Ball, location: 2F 0-1: Swinging Strike 0-2: Strikes out looking
|
|
Batting: RHB Elias Sagrero
|
0-0: Called Strike 0-1: Swinging Strike 0-2: Ball 1-2: Strikes out looking
|
|
Batting: RHB Luis Solorzano
|
0-0: Foul Ball, location: 2F 0-1: Ground out 4-3 (Groundball, 4M, EV 103.1 MPH)
|
| Top of the 2nd over - 0 runs, 0 hits, 0 errors, 0 left on base; Texas (APP) 0 - Detroit (APP) 0 |
| BOTTOM OF THE 2ND |
|
Detroit (APP) Tigers batting - Pitching for Texas (APP) Rangers : RHP Rick Madden
|
|
Batting: RHB Nate Dabney
|
0-0: Ball 1-0: Swinging Strike 1-1: Foul Ball, location: 2F 1-2: Foul Ball, location: 2F 1-2: Foul Ball, location: 2F 1-2: Ball 2-2: Strikes out looking
|
|
Batting: SHB Ronnie Lundy
|
0-0: Foul Ball, location: 2F 0-1: SOLO HOME RUN (Flyball, 9D, EV 101.9 MPH), Distance : 375 ft
|
|
Batting: RHB Norm Wood
|
0-0: Fly out, F8 (Flyball, 78D, EV 102.5 MPH)
|
|
Batting: RHB Yasutaka Yamasaki
|
0-0: Ground out 6-3 (Groundball, 6, EV 96.2 MPH)
|
| Bottom of the 2nd over - 1 run, 1 hit, 0 errors, 0 left on base; Texas (APP) 0 - Detroit (APP) 1 |
| TOP OF THE 3RD |
|
Texas (APP) Rangers batting - Pitching for Detroit (APP) Tigers : RHP Scott King
|
|
Batting: SHB Albert Ortiz
|
0-0: Called Strike 0-1: Ball 1-1: Swinging Strike 1-2: Ball 2-2: Strikes out swinging
|
|
Batting: LHB Eddie Reyes
|
0-0: Ground out 5-3 (Groundball, 56, EV 76.9 MPH)
|
|
Batting: RHB Torsten Fisher
|
0-0: Foul Ball, location: 2F 0-1: Foul Ball, location: 2F 0-2: Foul Ball, location: 2F 0-2: Fly out, F9 (Flyball, 9, EV 92.5 MPH)
|
| Top of the 3rd over - 0 runs, 0 hits, 0 errors, 0 left on base; Texas (APP) 0 - Detroit (APP) 1 |
| BOTTOM OF THE 3RD |
|
Detroit (APP) Tigers batting - Pitching for Texas (APP) Rangers : RHP Rick Madden
|
|
Batting: SHB Salvador Lacosta
|
0-0: Ball 1-0: Called Strike 1-1: Ball 2-1: SINGLE (Groundball, 13S, EV 64.4 MPH) (infield hit)
|
|
Batting: LHB Timotheus Young
|
0-0: Called Strike 0-1: Fly out, F7 (Flyball, 7, EV 75.6 MPH)
|
|
Batting: RHB Kevin Steed
|
0-0: Ball 1-0: Fielders Choice at 2nd, 5-4 (Groundball, 56, EV 79.4 MPH)
|
|
Batting: RHB Ernst Meloche
|
0-0: Foul Ball, location: 2F 0-1: Ball 1-1: Ball 2-1: Called Strike 2-2: Ball 3-2: Strikes out swinging
|
| Bottom of the 3rd over - 0 runs, 1 hit, 0 errors, 1 left on base; Texas (APP) 0 - Detroit (APP) 1 |
| TOP OF THE 4TH |
|
Texas (APP) Rangers batting - Pitching for Detroit (APP) Tigers : RHP Scott King
|
|
Batting: SHB Tim Rogers
|
0-0: Called Strike 0-1: Ball 1-1: Ground out 6-3 (Groundball, 6, EV 94.4 MPH)
|
|
Batting: RHB Ron Squires
|
0-0: SOLO HOME RUN (Flyball, 7D, EV 99.4 MPH), Distance : 387 ft
|
|
Batting: LHB Santino Pisanello
|
0-0: Called Strike 0-1: SINGLE (Line Drive, 56, EV 101.2 MPH)
|
|
Batting: RHB Nick Solberg
|
0-0: Called Strike 0-1: Grounds into double play, U4-3 (Groundball, 6M, EV 83.1 MPH)
|
| Top of the 4th over - 1 run, 2 hits, 0 errors, 0 left on base; Texas (APP) 1 - Detroit (APP) 1 |
| BOTTOM OF THE 4TH |
|
Detroit (APP) Tigers batting - Pitching for Texas (APP) Rangers : RHP Rick Madden
|
|
Batting: RHB Brandon Everett
|
0-0: Ball 1-0: Ball 2-0: Ball 3-0: Called Strike 3-1: Called Strike 3-2: Foul Ball, location: 2F 3-2: Foul Ball, location: 2F 3-2: Ground out 1-3 (Groundball, 13S, EV 68.1 MPH)
|
|
Batting: RHB Nate Dabney
|
0-0: Ground out 6-3 (Groundball, 56, EV 87.5 MPH)
|
|
Batting: SHB Ronnie Lundy
|
0-0: Called Strike 0-1: Ball 1-1: Foul Ball, location: 2F 1-2: Strikes out swinging
|
| Bottom of the 4th over - 0 runs, 0 hits, 0 errors, 0 left on base; Texas (APP) 1 - Detroit (APP) 1 |
| TOP OF THE 5TH |
|
Texas (APP) Rangers batting - Pitching for Detroit (APP) Tigers : RHP Scott King
|
|
Batting: RHB Elias Sagrero
|
0-0: Ball 1-0: Foul Ball, location: 2F 1-1: Ball 2-1: Called Strike 2-2: Foul Ball, location: 2F 2-2: Ball 3-2: Strikes out swinging
|
|
Batting: RHB Luis Solorzano
|
0-0: Ball 1-0: Swinging Strike 1-1: Ball 2-1: Called Strike 2-2: Ground out 3-1 (Groundball, 34, EV 107.5 MPH)
|
|
Batting: SHB Albert Ortiz
|
0-0: Called Strike 0-1: Swinging Strike 0-2: Strikes out swinging
|
| Top of the 5th over - 0 runs, 0 hits, 0 errors, 0 left on base; Texas (APP) 1 - Detroit (APP) 1 |
| BOTTOM OF THE 5TH |
|
Detroit (APP) Tigers batting - Pitching for Texas (APP) Rangers : RHP Rick Madden
|
|
Batting: RHB Norm Wood
|
0-0: Ball 1-0: Ball 2-0: Ball 3-0: Called Strike 3-1: Called Strike 3-2: Ground out 4-3 (Groundball, 4MD, EV 98.1 MPH)
|
|
Batting: RHB Yasutaka Yamasaki
|
0-0: Ball 1-0: DOUBLE (Line Drive, 89M, EV 96.9 MPH)
|
|
Batting: SHB Salvador Lacosta
|
0-0: Called Strike 0-1: Ball 1-1: Foul Ball, location: 2F 1-2: Strikes out swinging
|
|
Batting: LHB Timotheus Young
|
0-0: Ball 1-0: Ball 2-0: Called Strike 2-1: Swinging Strike 2-2: Ball 3-2: Base on Balls
|
|
Batting: RHB Kevin Steed
|
0-0: Ball 1-0: Foul Ball, location: 2F 1-1: Foul Ball, location: 2F 1-2: SINGLE (Line Drive, 89S, EV 101.2 MPH) Yasutaka Yamasaki to third Timotheus Young to second
|
|
Batting: RHB Ernst Meloche
|
0-0: Foul Ball, location: 2F 0-1: Ground out 3-1 (Groundball, 13, EV 79.4 MPH)
|
| Bottom of the 5th over - 0 runs, 2 hits, 0 errors, 3 left on base; Texas (APP) 1 - Detroit (APP) 1 |
| TOP OF THE 6TH |
|
Texas (APP) Rangers batting - Pitching for Detroit (APP) Tigers : RHP Scott King
|
|
Batting: LHB Eddie Reyes
|
0-0: Ball 1-0: Ball 2-0: Swinging Strike 2-1: Ball 3-1: Called Strike 3-2: Fly out, F9 (Line Drive, 9, EV 95.6 MPH)
|
|
Batting: RHB Torsten Fisher
|
0-0: Foul Ball, location: 2F 0-1: Ball 1-1: Ball 2-1: Ball 3-1: Ground out 6-3 (Groundball, 6, EV 105.6 MPH)
|
|
Batting: SHB Tim Rogers
|
0-0: Foul Ball, location: 2F 0-1: Fly out, F8 (Line Drive, 78M, EV 96.2 MPH)
|
| Top of the 6th over - 0 runs, 0 hits, 0 errors, 0 left on base; Texas (APP) 1 - Detroit (APP) 1 |
| BOTTOM OF THE 6TH |
|
Detroit (APP) Tigers batting - Pitching for Texas (APP) Rangers : RHP Rick Madden
|
|
Batting: RHB Brandon Everett
|
0-0: Ball 1-0: Swinging Strike 1-1: Ball 2-1: SINGLE (Line Drive, 89S, EV 95.0 MPH)
|
|
Batting: RHB Nate Dabney
|
0-0: Ball 1-0: Foul Ball, location: 2F 1-1: Ball 2-1: Foul Ball, location: 2F 2-2: Ground out 6-3 (Groundball, 6MD, EV 100.0 MPH) Brandon Everett to second
|
|
Batting: SHB Ronnie Lundy
|
0-0: Fly out, F8 (Flyball, 78S, EV 92.5 MPH)
|
|
Batting: RHB Norm Wood
|
0-0: Ball 1-0: Ball 2-0: Ball 3-0: Called Strike 3-1: SINGLE (Line Drive, 4D, EV 96.2 MPH) Brandon Everett to third
|
|
Batting: RHB Yasutaka Yamasaki
|
0-0: Called Strike 0-1: Foul Ball, location: 2F 0-2: Foul Ball, location: 2F 0-2: Fly out, F9 (Flyball, 9LS, EV 83.8 MPH)
|
| Bottom of the 6th over - 0 runs, 2 hits, 0 errors, 2 left on base; Texas (APP) 1 - Detroit (APP) 1 |
| TOP OF THE 7TH |
|
Texas (APP) Rangers batting - Pitching for Detroit (APP) Tigers : RHP Scott King
|
|
Batting: RHB Ron Squires
|
0-0: SINGLE (Groundball, 5D, EV 98.1 MPH)
|
|
Batting: LHB Santino Pisanello
|
0-0: Ball 1-0: Called Strike 1-1: Ball 2-1: Foul Ball, location: 2F 2-2: Strikes out swinging
|
|
Batting: RHB Nick Solberg
|
0-0: Ball 1-0: Called Strike 1-1: SINGLE (Line Drive, 4D, EV 106.2 MPH) Ron Squires to second
|
|
Batting: RHB Elias Sagrero
|
0-0: Ball 1-0: TRIPLE (Groundball, 5L, EV 106.2 MPH) Ron Squires scores Nick Solberg scores
|
|
Batting: RHB Luis Solorzano
|
0-0: Ball 1-0: Foul Ball, location: 2F 1-1: Ball 2-1: Ball 3-1: Base on Balls
|
|
Batting: SHB Albert Ortiz
|
0-0: Ball Luis Solorzano steals 2nd base 1-0: Foul Ball, location: 2F 1-1: Swinging Strike 1-2: Ball 2-2: Fly out, F6 (Popup, 6M, EV 69.4 MPH)
|
|
Batting: LHB Eddie Reyes
|
0-0: 3-RUN HOME RUN (Flyball, 9D, EV 98.8 MPH), Distance : 383 ft
|
|
Pitching: LHP Jim Belcher
|
|
|
Batting: RHB Torsten Fisher
|
0-0: Fly out, F8 (Flyball, 78D, EV 101.9 MPH)
|
| Top of the 7th over - 5 runs, 4 hits, 0 errors, 0 left on base; Texas (APP) 6 - Detroit (APP) 1 |
| BOTTOM OF THE 7TH |
|
Detroit (APP) Tigers batting - Pitching for Texas (APP) Rangers : RHP Rick Madden
|
|
Batting: SHB Salvador Lacosta
|
0-0: Swinging Strike 0-1: Ball 1-1: Swinging Strike 1-2: Ball 2-2: Ground out 1-3 (Groundball, 15S, EV 63.8 MPH)
|
|
Pitching: RHP Ian Wilson
|
|
|
Batting: LHB Timotheus Young
|
0-0: Ball 1-0: Ball 2-0: Swinging Strike 2-1: Called Strike 2-2: Strikes out looking
|
|
Batting: RHB Kevin Steed
|
0-0: Ball 1-0: Called Strike 1-1: SINGLE (Groundball, 6MD, EV 106.9 MPH)
|
|
Batting: RHB Ernst Meloche
|
0-0: Foul Ball, location: 2F 0-1: Ball 1-1: Ball 2-1: Foul Ball, location: 2F 2-2: Foul Ball, location: 2F 2-2: Ball 3-2: Ground out 5-3 (Groundball, 5, EV 104.4 MPH)
|
| Bottom of the 7th over - 0 runs, 1 hit, 0 errors, 1 left on base; Texas (APP) 6 - Detroit (APP) 1 |
| TOP OF THE 8TH |
|
Texas (APP) Rangers batting - Pitching for Detroit (APP) Tigers : LHP Jim Belcher
|
|
Batting: SHB Tim Rogers
|
0-0: Called Strike 0-1: Ground out 4-3 (Groundball, 4S, EV 91.9 MPH)
|
|
Batting: RHB Ron Squires
|
0-0: Ball 1-0: Ball 2-0: Ball 3-0: Base on Balls
|
|
Batting: LHB Santino Pisanello
|
0-0: Called Strike 0-1: Fielders Choice at 2nd, 3-6 (Groundball, 3, EV 78.1 MPH)
|
|
Batting: RHB Nick Solberg
|
0-0: Ball 1-0: Called Strike 1-1: Ground out U3 (Groundball, 3S, EV 93.1 MPH)
|
| Top of the 8th over - 0 runs, 0 hits, 0 errors, 1 left on base; Texas (APP) 6 - Detroit (APP) 1 |
| BOTTOM OF THE 8TH |
|
Detroit (APP) Tigers batting - Pitching for Texas (APP) Rangers : RHP Ian Wilson
|
|
Batting: RHB Brandon Everett
|
0-0: Swinging Strike 0-1: Ball 1-1: Ground out 3-1 (Groundball, 34S, EV 88.8 MPH)
|
|
Batting: RHB Nate Dabney
|
0-0: Called Strike 0-1: Ground out 4-3 (Groundball, 4MD, EV 102.5 MPH)
|
|
Batting: SHB Ronnie Lundy
|
0-0: Called Strike 0-1: Called Strike 0-2: Fly out, F7 (Flyball, 7D, EV 101.2 MPH)
|
| Bottom of the 8th over - 0 runs, 0 hits, 0 errors, 0 left on base; Texas (APP) 6 - Detroit (APP) 1 |
| TOP OF THE 9TH |
|
Texas (APP) Rangers batting - Pitching for Detroit (APP) Tigers : LHP Jim Belcher
|
|
Batting: RHB Elias Sagrero
|
0-0: Ball 1-0: Ball 2-0: Ball 3-0: Called Strike 3-1: SOLO HOME RUN (Line Drive, 78XD, EV 105.6 MPH), Distance : 419 ft
|
|
Batting: RHB Luis Solorzano
|
0-0: Ball 1-0: Foul Ball, location: 2F 1-1: SINGLE (Line Drive, 7S, EV 100.6 MPH)
|
|
Batting: SHB Albert Ortiz
|
0-0: Ball 1-0: Foul Ball, location: 2F 1-1: Ball 2-1: Called Strike 2-2: Ball 3-2: Strikes out swinging Luis Solorzano is caught stealing 2nd base 2-4 Batter strikes out.
|
|
Batting: LHB Eddie Reyes
|
0-0: Fly out, F1 (Popup, P, EV 90.0 MPH)
|
| Top of the 9th over - 1 run, 2 hits, 0 errors, 0 left on base; Texas (APP) 7 - Detroit (APP) 1 |
| BOTTOM OF THE 9TH |
|
Detroit (APP) Tigers batting - Pitching for Texas (APP) Rangers : RHP Ian Wilson
|
|
Batting: RHB Norm Wood
|
0-0: Ball 1-0: SINGLE (Groundball, 6D, EV 99.4 MPH)
|
|
Pinch Hitting: LHB Glen Boyle
|
0-0: Ball 1-0: Ball 2-0: Called Strike 2-1: Fielders Choice at 2nd, 1-6 (Groundball, P, EV 69.4 MPH)
|
|
Pinch Hitting: RHB Seth Fox
|
0-0: Called Strike 0-1: Ball Wild Pitch! Glen Boyle to second 1-1: SINGLE (Groundball, 56D, EV 104.4 MPH) Glen Boyle to third
|
|
Batting: LHB Timotheus Young
|
0-0: Ball 1-0: Called Strike 1-1: Ball 2-1: Foul Ball, location: 2F 2-2: Strikes out swinging
|
|
Batting: RHB Kevin Steed
|
0-0: Swinging Strike 0-1: Swinging Strike 0-2: Ball 1-2: Ball 2-2: Ball 3-2: Strikes out swinging
|
| Bottom of the 9th over - 0 runs, 2 hits, 0 errors, 2 left on base; Texas (APP) 7 - Detroit (APP) 1 |
|